 Dungeon Crawl Stone Soup version 0.13-a0-1553-g7307ddf (webtiles) character file.

1619 Kae the Ruinous (level 8, -2/57 HPs)
             Began as a Pale Draconian Ice Elementalist on June 10, 2013.
             Slain by a hound (4 damage)
             ... on Level 6 of the Dungeon.
             The game lasted 00:17:05 (6911 turns).

Kae the Ruinous (Pale Draconian Ice Elementalist)   Turns: 6911, Time: 00:17:05

HP  -2/57        AC  6     Str 10      XL: 8   Next: 38%
MP  14/19        EV 12     Int 18      God:
Gold 247         SH  0     Dex 12      Spells:  4 memorised,  7 levels left

Res.Fire  : . . .   See Invis. : .   p - -1,+1 orc short sword (vamp)
Res.Cold  : . . .   Warding    : .   (armour unavailable)
Life Prot.: . . .   Conserve   : .   (no shield)
Res.Poison: .       Res.Corr.  : .   (helmet restricted)
Res.Elec. : .       Clarity    : .   (no cloak)
Sust.Abil.: . .     Spirit.Shd : .   (no gloves)
Res.Mut.  : .       Stasis     : .   (no boots)
Res.Rott. : .       Flight     : .   (no amulet)
Saprovore : . . .                    m - ring of wizardry
                                     f - ring of flight

@: short of breath, slightly resistant to hostile enchantments, unstealthy
A: breathe steam, unfitting armour, AC +6
a: Breathe Steam, Evoke Flight


You were on level 6 of the Dungeon.
You were hungry.

You visited 1 branch of the dungeon, and saw 6 of its levels.

You collected 227 gold pieces.

Inventory:

Hand weapons
 o - a +1,+8 dagger of electrocution (quivered)
 p - a -1,+1 orcish vampiric short sword (weapon)
 w - a cursed +2,+1 hand axe of chopping
Magical devices
 d - a wand of frost (2)
 h - a wand of lightning (3) {unknown}
 x - a wand of lightning (7) {unknown}
 E - a wand of slowing (5)
Comestibles
 a - a meat ration
 c - 3 bread rations
 t - an apple
 C - a chunk of orc flesh
 F - 2 chunks of gnoll flesh
Scrolls
 e - 4 scrolls of remove curse {unknown}
 g - 7 scrolls of identify
 i - a scroll of blinking
 j - 6 scrolls of magic mapping
 k - a scroll of curse armour {unknown}
 l - 2 scrolls of teleportation
 v - 2 scrolls of enchant weapon II {unknown}
 z - a scroll of amnesia {unknown}
Jewellery
 f - a ring of flight (left hand)
 m - a ring of wizardry (right hand)
 y - an uncursed amulet of resist corrosion {unknown}
Potions
 n - a potion of beneficial mutation {unknown}
 q - 3 potions of curing {unknown}
 s - 2 potions of might
 u - a potion of berserk rage {unknown}
 A - 2 potions of invisibility {unknown}
 D - a potion of speed {unknown}
Books
 b - a book of Frost

   Spells                             Type                      Level
   *Freeze                            Ice                          1
   *Throw Frost                       Conjuration/Ice              2
   *Ozocubu's Armour                  Charms/Ice                   3
   *Throw Icicle                      Conjuration/Ice              4
   Summon Ice Beast                   Ice/Summoning                4
   Condensation Shield                Ice                          4
 r - a book of Alchemy

   Spells                             Type                      Level
   Lethal Infusion                    Charms/Necromancy            2
   Sublimation of Blood               Necromancy                   2
   Condensation Shield                Ice                          4
   Alistair's Intoxication            Transmutation/Poison         4
   Petrify                            Transmutation/Earth          4
   Ignite Poison                      Fire/Transmutation           5
 B - a book of Clouds

   Spells                             Type                      Level
   Mephitic Cloud                     Conjuration/Poison/Air       3
   Conjure Flame                      Conjuration/Fire             3
   Poisonous Cloud                    Conjuration/Poison/Air       6
   Freezing Cloud                     Conjuration/Ice/Air          6
   Ring of Flames                     Charms/Fire                  7


   Skills:
 - Level 1.7 Dodging
 - Level 1.7 Stealth
 + Level 5.1 Spellcasting
 * Level 6.7 Conjurations
 + Level 6.4 Ice Magic


You had 7 spell levels left.
You knew the following spells:

 Your Spells              Type           Power        Failure   Level  Hunger
a - Freeze                Ice            ####         1%          1    None
b - Throw Frost           Conj/Ice       ####..       1%          2    #......
c - Ozocubu's Armour      Chrm/Ice       ###.......   4%          3    ###....
d - Throw Icicle          Conj/Ice       ####....     4%          4    ####...


Dungeon Overview and Level Annotations

Branches:
Dungeon (6/27)
 Temple: D:4-7          Orc: D:6-11

Altars:
Cheibriados


Message History

Press: ? - help, Shift-Dir - straight line, f/p - ogre
Aim: an ogre, wielding a giant club (moderately wounded)
You exhale a blast of scalding steam.
The ball of steam hits the hound.
The hound is heavily wounded.
You are feeling hungry.
The hound is engulfed in a cloud of scalding steam.
The hound closely misses you.
You feel a bit more experienced. The hound barely misses you.
Unknown command.
Casting: Freeze
Confirm with . or Enter, or press ? or * to list all spells.
Aiming: Freeze
Press: ? - help, Shift-Dir - straight line, f - hound
Aim: a hound (steam, heavily wounded)
You freeze the hound.
The hound is severely wounded.
The hound is engulfed in a cloud of scalding steam.
The hound misses you. The hound bites you.
You die...

...###...#.#####.##.#....#
.................#########
##.###.###.#####.# #.###.#
#.# #.# ##.#...###.# #.#
...........## #.#
######......# #.# #......#
#.# #### #......# #@# ...#
######## #h# ...# #.# ...#
#§# ...# #§# ...# #.# ...#
##.######## )..#
#.......... ...#
#..........


You could see a hound.

Vanquished Creatures
  The ghost of mumra the Charlatan, an experienced DjAr of the Shining One (D:6)
  Eustachio (D:6)
  Menkaure (D:6)
  A phantom (D:4)
  2 ice beasts
  3 ogres
  Sigmund (D:6)
  A giant frog (D:3)
  4 crimson imps
  An ogre skeleton (D:6)
  An orc priest (D:3)
  A worker ant (D:6)
  A scorpion (D:4)
  A deep elf soldier (D:3)
  Ijyb (D:5)
  A jelly (D:6)
  A gnoll (D:6)
  6 adders
  4 worms
  2 ufetubi (D:6)
  6 giant geckos
  4 oozes
  15 orcs
  A ball python (D:3)
  12 bats
  6 giant cockroaches
  11 goblins
  11 hobgoblins
  10 jackals
  11 kobolds
  6 quokkas
  A giant gecko skeleton (D:6)
  3 giant newts
  An orc skeleton (D:5)
  7 rats
140 creatures vanquished.

Vanquished Creatures (others)
  A ball python (D:1)
  A goblin (D:1)
  A rat (D:2)
3 creatures vanquished.

Grand Total: 143 creatures vanquished

Notes
Turn   | Place    | Note
--------------------------------------------------------------
     0 | D:1      | Kae, the Draconian Ice Elementalist, began the quest for the Orb.
     0 | D:1      | Reached XP level 1. HP: 14/14 MP: 3/3
   473 | D:1      | Reached XP level 2. HP: 11/20 MP: 2/4
  1115 | D:2      | Learned a level 2 spell: Throw Frost
  1683 | D:2      | Reached XP level 3. HP: 15/26 MP: 1/6
  1994 | D:2      | Reached skill level 4 in Ice Magic
  2468 | D:2      | Reached XP level 4. HP: 30/33 MP: 4/8
  3128 | D:3      | Reached XP level 5. HP: 18/38 MP: 3/10
  3378 | D:3      | Learned a level 3 spell: Ozocubu's Armour
  3689 | D:3      | Reached XP level 6. HP: 29/45 MP: 9/12
  3972 | D:4      | Noticed a phantom
  4006 | D:3      | Learned a level 4 spell: Throw Icicle
  4031 | D:4      | Killed a phantom
  4031 | D:4      | Reached skill level 5 in Ice Magic
  4117 | D:4      | Noticed an ogre
  4123 | D:4      | Killed an ogre
  4898 | D:5      | Entered Level 5 of the Dungeon
  5000 | D:5      | Your scales start fading to a pale cyan-grey colour.
  5000 | D:5      | Reached XP level 7. HP: 50/50 MP: 11/15
  5097 | D:5      | Noticed Ijyb
  5104 | D:5      | Killed Ijyb
  5788 | D:6      | Noticed Menkaure
  5791 | D:6      | Killed Menkaure
  5791 | D:6      | Reached skill level 5 in Conjurations
  5816 | D:6      | Noticed mumra's ghost (experienced DjAr)
  6000 | D:6      | Killed mumra's ghost
  6000 | D:6      | Reached XP level 8. HP: 54/57 MP: 13/18
  6092 | D:6      | Noticed Sigmund
  6106 | D:6      | Killed Sigmund
  6106 | D:6      | Reached skill level 6 in Ice Magic
  6415 | D:6      | Noticed Eustachio
  6425 | D:6      | Reached XP level 7. HP: 36/50 MP: 12/17
  6426 | D:6      | Killed Eustachio
  6426 | D:6      | Reached XP level 8. HP: 35/57 MP: 12/18
  6679 | D:6      | Reached skill level 5 in Spellcasting
  6811 | D:6      | Found a snail-covered altar of Cheibriados.
  6903 | D:6      | HP: 1/57 [ogre/giant club (17)]
  6911 | D:6      | Slain by a hound

Action                   |  1- 3 |  4- 6 |  7- 9 || total
-------------------------+-------+-------+-------++-------
Melee: Unarmed           |    86 |    71 |       ||   157
       Short sword       |       |     1 |    36 ||    37
Throw: Hand axe          |       |     1 |       ||     1
 Cast: Freeze            |    66 |   101 |    70 ||   237
       Throw Frost       |     3 |    13 |    13 ||    29
       Throw Icicle      |       |     4 |    16 ||    20
       Ozocubu's Armour  |       |     2 |       ||     2
 Abil: Breathe Steam     |       |       |     5 ||     5
  Use: Scroll            |       |     8 |       ||     8
       Potion            |       |     2 |       ||     2
 Stab: Sleeping          |     3 |     1 |       ||     4
       Distracted        |       |     1 |       ||     1
